 Dungeon Crawl Stone Soup version 0.22.1-1-ga44c0e5 (webtiles) character file.

257 Fang the Chopper (level 6, -7/58 HPs)
             Began as a Gargoyle Berserker on Oct 3, 2018.
             Was a Believer of Trog.
             Mangled by popps's ghost (9 damage)
             ... on level 3 of the Dungeon.
             The game lasted 00:02:34 (2576 turns).

Fang the Chopper (Gargoyle Berserker)               Turns: 2576, Time: 00:02:34

Health: -7/58      AC:  6    Str: 27    XL:     6   Next: 16%
Magic:  6/6        EV: 12    Int:  8    God:    Trog [**....]
Gold:   161        SH:  0    Dex:  9    Spells: 5/5 levels left

rFire    . . .     SeeInvis .   a - +0 hand axe
rCold    . . .     Gourm    .   (no shield)
rNeg     + . .     Faith    .   b - +0 animal skin
rPois    ∞         Spirit   .   (no helmet)
rElec    +         Reflect  .   (no cloak)
rCorr    .         Harm     .   (no gloves)
MR       .....                  (no boots)
Stlth    ..........             j - amulet of regeneration
HPRegen  0.59/turn              (no ring)
MPRegen  0.10/turn              (no ring)

@: berserking, very quick
A: negative energy resistance 1, electricity resistance, unbreathing,
petrification resistance, rot immunity, AC +4
a: Berserk, Trog's Hand, Renounce Religion


You were on level 3 of the Dungeon.
You worshipped Trog.
Trog was pleased with you.
You were near starving.

You visited 1 branch of the dungeon, and saw 3 of its levels.

You collected 161 gold pieces.

Inventory:

Hand Weapons
 a - a +0 hand axe (weapon)
Armour
 b - a +0 animal skin (worn)
Jewellery
 j - an amulet of regeneration (around neck)
Scrolls
 d - 4 scrolls of identify {unknown}
 k - 2 scrolls of blinking {unknown}
 m - 2 scrolls of teleportation {unknown}
 n - a scroll of enchant armour {unknown}
 o - 2 scrolls of amnesia {unknown}
 p - a scroll of enchant weapon {unknown}
 q - 2 scrolls of magic mapping {unknown}
 s - a scroll of remove curse {unknown}
Potions
 e - 3 potions of lignification {unknown}
 f - a potion of curing {unknown}
 g - 4 potions of heal wounds {unknown}
 h - a potion of invisibility {unknown}
 i - a potion of ambrosia {unknown}
 l - a potion of might {unknown}
 r - a potion of degeneration {unknown}
Comestibles
 c - 6 rations


   Skills:
 + Level 4.5 Fighting
 + Level 4.7 Axes
 + Level 2.4 Armour
 + Level 2.6 Dodging
 + Level 0.5 Stealth


You had 5 spell levels left.
You didn't know any spells.
Your spell library was empty.

Dungeon Overview and Level Annotations

Branches:
Dungeon (3/15)

Altars:
Wu Jian
Beogh

Annotations:
D:3 popps's ghost, amateur DsFi


Innate Abilities, Weirdness & Mutations

You are resistant to torment.
Your stone body is resilient. (AC +4)
You are immune to poison.
You resist negative energy. (rN+)
You are resistant to electric shocks. (rElec)
You can survive without breathing.
You are immune to petrification.
You are immune to rotting.


Message History

You barely miss popps's ghost.
Popps's ghost is moderately damaged.
You hit popps's ghost.
Popps's ghost is moderately damaged.
Popps's ghost hits you.
* * * LOW HITPOINT WARNING * * *
You hit popps's ghost but do no damage.
Popps's ghost is moderately damaged.
Popps's ghost hits you!
* * * LOW HITPOINT WARNING * * *
You hit popps's ghost but do no damage.
Popps's ghost is moderately damaged.
You barely miss popps's ghost.
Popps's ghost is moderately damaged.
Popps's ghost closely misses you.
You hit popps's ghost but do no damage.
Popps's ghost is moderately damaged.
Popps's ghost whispers, "There is no future for you."
Popps's ghost hits you!
You die...

#.#.....8 #.##
#.#..##.. ###.#.
#.#..#8.. #.....
#.#..##.. #.....
#.#.#.... #.....
###.'.#...[##..[..
#oo.'.#.8._#.>....
#W#.o.#...[####.##
#@#.#o#.$.. #.#
#.#.#W.##.. #.#
#.#.#..#8.. #.#
#.#.#o.##.( #)#
#.#.#.....8 #.#
#.#8###########.##
#.### #......# #.#
#......# #.#
#......#


You could see an orc priest, popps's ghost and an orc.

Vanquished Creatures
  Sigmund (D:3)
  A worm (D:2)
  2 dart slugs
  2 leopard geckos
  11 orcs (D:3)
  8 bats
  7 giant cockroaches
  9 goblins
  6 hobgoblins
  11 jackals
  6 kobolds
  A frilled lizard (D:1)
  3 rats
68 creatures vanquished.

Notes
Turn   | Place    | Note
-------+----------+-------------------------------------------
     0 | D:1      | Fang the Gargoyle Berserker began the quest for the Orb.
     0 | D:1      | Reached XP level 1. HP: 14/14 MP: 1/1
    87 | D:1      | Reached XP level 2. HP: 14/19 MP: 2/2
   367 | D:1      | Reached XP level 3. HP: 23/24 MP: 3/3
   601 | D:1      | Reached ** piety under Trog
  1167 | D:2      | Found an ornate altar of the Wu Jian Council.
  1552 | D:2      | Reached XP level 4. HP: 27/29 MP: 4/4
  2377 | D:3      | Noticed Sigmund
  2386 | D:3      | Killed Sigmund
  2386 | D:3      | Reached XP level 5. HP: 30/34 MP: 5/5
  2386 | D:3      | Reached XP level 6. HP: 34/39 MP: 6/6
  2510 | D:3      | Found a runed gate.
  2510 | D:3      | Found a runed gate.
  2511 | D:3      | Found a runed gate.
  2513 | D:3      | Noticed popps's ghost (amateur DsFi)
  2515 | D:3      | Found a roughly hewn altar of Beogh.
  2573 | D:3      | HP: 1/58 [popps's ghost (7)]
  2576 | D:3      | Mangled by popps's ghost

Skill      XL: |  1  2  3  4 |
---------------+-------------+-----
Axes           | 3 4 |  4.7
Dodging        | 2 |  2.6
Fighting       | 4 |  4.5
Armour         | |  2.4
Stealth        | |  0.5

Action                   |  1- 3 |  4- 6 || total
-------------------------+-------+-------++-------
Melee: Hand axe          |   116 |   122 ||   238
Invok: Berserk           |     2 |     2 ||     4
  Eat: Chunk             |     4 |     3 ||     7
Armor: Animal skin       |    65 |    38 ||   103
Dodge: Dodged            |    84 |    61 ||   145
